Map: Efflorescence LE

Players

Fred - Winner!

  • Race: Protoss Protoss
  • League: Platinum
  • Spawn Location: 9:00

nebukadnezar - Winner!

  • Race: Terran Terran
  • League: Gold
  • Spawn Location: 6:00

qqq

  • Race: Protoss Protoss
  • Spawn Location: 3:00

Massa

  • Race: Terran Terran
  • Spawn Location: 12:00

VOD

Have the link to the VOD?

Description

Time

  • Played on: Oct. 2, 2020, 3:45 p.m.
  • Length: 4:11
Show
View Real Time Build Order
Export as new Build Order

Fred Protoss - Winner!

Build Orders:  

Get SALT Encoding   

  12  0:00  Probe (Chrono Boost)  
  13  0:10  Probe (Chrono Boost)  
  14  0:15  Probe (Chrono Boost)  
  15  0:23  Pylon  
  15  0:34  Assimilator  
  15  0:41  Probe  
  16  0:45  Gateway  
  16  0:53  Probe  
  17  0:58  Assimilator  
  17  1:05  Probe (Chrono Boost)  
  18  1:12  Pylon  
  18  1:15  Probe (Chrono Boost)  
  19  1:35  Zealot  
  21  1:48  Cybernetics Core  
  21  1:56  Probe  
  22  2:13  Zealot  
  24  2:40  Zealot  
  26  2:46  Probe  
  27  2:58  Probe  
  28  3:07  Zealot  
  28  3:10  Probe  
  31  3:27  Pylon  
  31  3:33  Pylon  
  31  3:45  Probe  
  34  3:50  Twilight Council  
  34  3:54  Robotics Facility  
  34  4:00  Gateway  
  34  4:01  Gateway  
Show
View Real Time Build Order
Export as new Build Order

nebukadnezar Terran - Winner!

Build Orders:  

Get SALT Encoding   

  12  0:01  SCV  
  13  0:13  SCV  
  14  0:25  SCV  
  15  0:37  Supply Depot  
  15  1:11  Barracks  
  15  1:41  Barracks  
  15  1:44  Refinery x2  
  15  1:48  Supply Depot  
  15  1:58  Marine  
  16  2:16  Marine  
  16  2:33  Marine  
  16  2:34  Marine  
  17  2:51  Marine  
  18  2:52  Marine  
  19  3:08  Marine  
  19  3:10  Marine  
  21  3:26  Marine  
  22  3:27  Marine  
  23  3:40  Factory  
  23  3:44  Marine  
  24  3:52  Marine  
  24  3:54  SCV  
Show
View Real Time Build Order
Export as new Build Order

qqq Protoss 

Build Orders:  

Get SALT Encoding   

  12  0:01  Probe  
  13  0:15  Probe  
  14  0:22  Pylon  
  14  0:27  Probe  
  15  0:40  Probe  
  16  0:43  Pylon  
  16  0:59  Pylon  
  16  1:00  Pylon  
  16  1:17  Forge  
  14  1:57  Photon Cannon  
  14  1:59  Pylon  
  14  2:20  Photon Cannon  
  14  2:24  Pylon  
  14  2:31  Probe  
  15  2:40  Photon Cannon  
  15  2:41  Photon Cannon  
  15  2:43  Probe  
  16  2:44  Photon Cannon  
  16  2:46  Pylon  
  16  3:20  Probe, Nexus  
  17  3:30  Pylon  
  17  3:32  Probe (Chrono Boost)  
  18  3:36  Gateway  
  18  3:44  Probe (Chrono Boost)  
  19  3:49  Probe (Chrono Boost), Photon Cannon  
  20  3:58  Photon Cannon  
Show
View Real Time Build Order
Export as new Build Order

Massa Terran 

Build Orders:  

Get SALT Encoding   

  12  0:00  SCV  
  13  0:12  SCV  
  14  0:18  Supply Depot  
  14  0:25  SCV  
  15  0:35  Refinery  
  15  0:40  SCV  
  16  0:45  Barracks  
  16  0:52  SCV  
  17  1:04  Refinery, SCV  
  18  1:16  SCV  
  19  1:28  SCV  
  20  1:34  Factory, Marine  
  21  1:40  SCV  
  21  1:44  Supply Depot  
  22  1:49  Supply Depot  
  22  1:54  SCV  
  23  2:07  Orbital Command  
  23  2:21  Supply Depot  
  23  2:22  Reaper  
  24  2:30  Starport  
  24  2:33  Widow Mine  
  26  2:41  SCV  
  27  2:51  Supply Depot  
  27  2:54  Widow Mine  
  29  3:00  Reaper  
  30  3:06  Barracks  
  30  3:07  Medivac  
  32  3:16  Widow Mine  
  34  3:32  Reaper  
  35  3:38  SCV  
  35  3:40  Command Center  
Tags
 
Add a new tag
Caveats
  • Supply blocks, unpowered buildings, or Contaminate may cause inaccurate times.
  • Supply counts are checked every 10 seconds.